 Dungeon Crawl Stone Soup version 0.30.1-4-g462c640d31 (webtiles) character file.

Game seed: 10168499409735630255

33 safid the Chiller (level 3, -8/23 HPs)
             Began as a Merfolk Ice Elementalist on Sept 1, 2023.
             Killed from afar by a black draconian (30 damage)
             ... with a bolt of lightning
             ... on level 1 of the Abyss.
             The game lasted 00:01:48 (673 turns).

safid the Chiller (Merfolk Ice Elementalist)         Turns: 673, Time: 00:01:49

Health: -8/23      AC:  2    Str:  6      XL:     3   Next: 29%
Magic:  6/6        EV: 12    Int: 14 (16) God:
Gold:   29         SH:  0    Dex: 14      Spells: 3/7 levels left

rFire   . . .        d - +0 short sword
rCold   . . .        (no shield)
rNeg    . . .        a - +0 robe
rPois   .            (no helmet)
rElec   .            (no cloak)
rCorr   .            (no gloves)
SInv    .            (no boots)
Will    .....        e - amulet of regeneration
Stlth   ++           (no ring)
HPRegen 1.03/turn    (no ring)
MPRegen 0.10/turn

%: no passive effects
@: no status effects
A: (nimble swimmer 2), mertail, frail 1, weak 1
a: no special abilities


You were on level 1 of the Abyss.
You visited 1 branch of the dungeon, and saw 2 of its levels.
You visited the Abyss 1 time.

You collected 29 gold pieces.

Inventory:

Hand Weapons
 d - a +0 short sword (weapon)
Armour
 a - a +0 robe (worn)
Jewellery
 e - an amulet of regeneration (around neck)
Scrolls
 c - a scroll of identify {unknown}
Potions
 b - a potion of magic
 f - a potion of heal wounds {unknown}
 g - a potion of curing {unknown}


   Skills:
 + Level 1.6 Fighting
 - Level 2.6 Dodging
 - Level 2.1 Stealth
 + Level 2.5 Spellcasting
 + Level 4.8 Ice Magic


You had 3 spell levels left.
You knew the following spells:

 Your Spells              Type           Power      Damage    Failure   Level
a - Freeze                Ice            60%        1d7       3%          1
b - Frozen Ramparts       Ice            30%        1d5       10%         3

Your spell library contained the following spells:

 Spells                   Type           Power      Damage    Failure   Level
 Ozocubu's Armour         Ice            15%        N/A       10%         3
 Gell's Gravitas          Tloc           1%         N/A       56%         3
 Teleport Other           Tloc           1%         N/A       56%         3
 Summon Ice Beast         Ice/Summ       8%         N/A       63%         4
 Dispersal                Tloc           0%         N/A       100%        6


Dungeon Overview and Level Annotations

Branches:
Dungeon (2/15)

Altars:

Annotations:
D:2 Terence


Innate Abilities, Weirdness & Mutations

((You are very nimble when in or above water. (Stealth+, EV+, Speed+++)))
Your lower body shifts to a powerful aquatic tail in water.
You are frail. (-10% HP)
You are weak. (Str -2)


Message History

You feel dopey. Something feeds on your intellect! The neqoxec gestures at you.
Strange energies course through your body.
You feel weaker. The neqoxec gestures at you.
Strange energies course through your body.
You feel frail.
A small abomination comes into view.
A will-o-the-wisp comes into view.
The will-o-the-wisp gives a chilling moan.
The neqoxec gestures at you.
Something tries to feed on your intellect!
The neqoxec gestures at you.
Something tries to feed on your intellect!
The will-o-the-wisp gestures.
The will-o-the-wisp conjures some foxfire!
A foxfire comes into view.
A bone dragon comes into view.
A ynoxinul comes into view.
Found a gateway leading deeper into the Abyss.
The neqoxec gestures at you.
Something tries to feed on your intellect!
The ynoxinul gestures.
The ynoxinul gestures.
The ufetubus hits you. The ufetubus barely misses you.
Press: ? - help, . - travel You can't see that place. [a crystal wall.]
Press: ? - help, . - travel You can't see that place. [a gateway leading deeper into the Abyss.]
The ufetubus attacks as you move away! The ufetubus misses you.
The ufetubus barely misses you.
A black draconian comes into view. It is wielding a +0 halberd.
The ufetubus attacks as you move away! The ufetubus misses you.
The ufetubus hits you.
The black draconian breathes lightning at you.
The bolt of lightning hits you!!
Ouch! That really hurt!
You die...

#...#... #...#
#.....#........
##.##..#.#.. . .
#..#.. .#. # ..
##..#.#####....# .
###....##..5......
...
##...#...5.#..###..
#..#.55#..#.#..D#.
###
#..@#.#5...###...D..
#.....#..##.# ......
#...##....#### ##
##. #...#.#####
.d..#># #.##... .
..# #.


You could see a black draconian (catching breath) and 2 ufetubi.

Vanquished Creatures
  3 bats (D:1)
  3 endoplasms (D:1)
  2 giant cockroaches (D:1)
  4 goblins (D:1)
  2 hobgoblins
  3 kobolds (D:1)
  A quokka (D:1)
  5 ball pythons (D:1)
  3 frilled lizards (D:1)
  2 rats (D:1)
28 creatures vanquished.

Vanquished Creatures (others)
  2 foxfires (Abyss:1)
2 creatures vanquished.

Grand Total: 30 creatures vanquished

Notes
Turn   | Place    | Note
-------+----------+-------------------------------------------
     0 | D:1      | safid the Merfolk Ice Elementalist began the quest for the
                  | Orb.
     0 | D:1      | Reached XP level 1. HP: 13/13 MP: 3/3
   149 | D:1      | Reached XP level 2. HP: 8/20 MP: 3/5
   222 | D:1      | Reached skill level 1 in Fighting
   439 | D:1      | Reached XP level 3. HP: 26/26 MP: 6/6
   443 | D:1      | Learned a level 3 spell: Frozen Ramparts
   586 | D:2      | Noticed Terence
   592 | Abyss:1  | Found a corrupted altar of Lugonu.
   592 | Abyss:1  | Cast into level 1 of the Abyss (Terence)
   619 | Abyss:1  | Noticed a vampire
   620 | Abyss:1  | Noticed a neqoxec
   623 | Abyss:1  | Gained mutation: You are weak. (Str -2) [a neqoxec]
   626 | Abyss:1  | Gained mutation: You are frail. (-10% HP) [a neqoxec]
   632 | Abyss:1  | Noticed a will-o-the-wisp
   664 | Abyss:1  | Noticed a bone dragon
   664 | Abyss:1  | Noticed a ynoxinul
   672 | Abyss:1  | Noticed a black draconian
   673 | Abyss:1  | Killed from afar by a black draconian

Illustrated notes

Levels and vault maps discovered:
D:1:      onia_arrival_pyramid, layout_rooms
D:2:      minmay_wonky_spiral, layout_loops_ring, moated_statue,
          nrook_mini_vaults, minmay_tripent, uniq_terence
Abyss:1:  base: D:1, spicy_abyss_unhelpful_harpoons

Skill      XL: |  1  2 |
---------------+-------+-----
Fighting       | 1 |  1.6
Dodging        | |  2.6
Stealth        | |  2.1
Spellcasting   | |  2.5
Ice Magic      | |  4.8

Action                     || total
---------------------------++-------
  Melee: Short sword       ||    71
         Punch             ||     2
   Cast: Freeze            ||    16
         Frozen Ramparts   ||     1
   Stab: Sleeping          ||     1
 Armour: Robe              ||    18
  Dodge: Dodged            ||    65
